Map: Abyssal Reef LE

Players

Bounce - Winner!

  • Race: Terran Terran
  • Spawn Location: 11:00

A.I. 1 (Elite)

  • Race: Zerg Zerg
  • Spawn Location: 5:00

VOD

Have the link to the VOD?

Description

Standard 2-1-1 with 16 Stim Marine and double Medivac

Time

  • Played on: Feb. 19, 2017, 11:35 a.m.
  • Length: 9:14
Show
View Real Time Build Order
Export as new Build Order

Bounce Terran - Winner!

Build Orders: Reaper Expand, MMM Bio 

Get SALT Encoding   

  12  0:01  SCV  
  13  0:13  SCV  
  14  0:18  Supply Depot  
  14  0:25  SCV  
  15  0:40  SCV  
  15  0:41  Barracks  
  16  0:46  Refinery  
  16  0:52  SCV  
  17  1:04  SCV  
  18  1:18  SCV  
  19  1:29  Reaper  
  19  1:30  Orbital Command  
  20  1:42  Command Center  
  20  1:53  Barracks  
  20  2:05  Barracks Reactor  
  20  2:11  Supply Depot  
  20  2:12  Refinery  
  20  2:13  SCV  
  21  2:25  SCV  
  21  2:28  Factory  
  21  2:39  SCV  
  23  2:45  Barracks Tech Lab, Marine x2  
  24  2:52  SCV  
  24  2:54  Supply Depot  
  25  3:03  Orbital Command  
  25  3:05  Stimpack  
  25  3:07  Marine  
  25  3:10  Marine  
  27  3:13  Marine  
  27  3:17  SCV  
  29  3:23  Starport  
  29  3:28  Factory Reactor  
  29  3:35  SCV x2  
  29  3:37  Marine x2  
  29  3:38  Marine  
  34  3:48  SCV  
  34  3:51  SCV  
  34  3:54  Marine  
  37  4:00  Marine x2  
  39  4:13  Supply Depot  
  39  4:15  Medivac  
  39  4:16  Medivac  
  43  4:17  Marine x2  
  43  4:18  SCV x2  
  47  4:31  Supply Depot  
  47  4:34  Marine  
  47  4:37  Marine  
  47  4:38  Marine  
  50  4:39  SCV x2  
  52  4:51  SCV x2  
  52  4:52  Marine, Engineering Bay  
  55  4:53  Medivac x2  
  55  4:54  Factory Reactor, Engineering Bay  
  55  4:55  Marine  
  61  5:07  SCV x2  
  61  5:14  Barracks  
  62  5:15  Refinery, Barracks  
  62  5:16  Marine x2  
  62  5:17  Refinery, Marine  
  62  5:19  SCV x2  
  67  5:23  Medivac  
  69  5:31  SCV  
  70  5:38  Supply Depot x2  
  70  5:47  SCV  
  70  5:59  Medivac, Marine x3  
  75  6:13  Medivac  
  75  6:15  Widow Mine x2  
  75  6:17  Marine x2  
  82  6:22  Marine  
  82  6:25  Marine x2  
  84  6:26  SCV  
  84  6:27  SCV  
  86  6:35  Marine  
  86  6:37  Supply Depot x2, Marine  
  86  6:38  Supply Depot x2  
  86  6:41  Marine  
  86  6:43  Marine  
  86  6:44  Marine  
  85  6:49  Medivac  
  85  6:53  Combat Shields  
  86  6:54  Medivac, Marine  
  86  6:55  Marine, Terran Infantry Weapons Level 1  
  88  7:19  Medivac, Command Center  
  88  7:26  SCV x2  
  88  7:28  Barracks Reactor x2  
  90  7:44  Supply Depot  
  90  7:54  SCV x2  
  90  8:05  Marauder, Marine x4  
  91  8:06  Marine  
  95  8:18  Marine  
  96  8:23  Marine  
  96  8:25  Refinery  
  96  8:26  Supply Depot  
  97  8:27  Supply Depot  
  97  8:28  Refinery  
  97  8:29  Unknown  
  97  8:37  Unknown  
  97  8:40  Barracks x2  
  97  8:41  Armory, Marauder, Marine x5  
  100  8:42  Medivac x2, Widow Mine  
  100  8:43  Widow Mine  
  112  8:51  Supply Depot  
  120  9:14  Supply Depot  
Show
View Real Time Build Order
Export as new Build Order

A.I. 1 (Elite) Zerg 

Build Orders: Pool First 

Get SALT Encoding   

  12  0:00  Drone  
  13  0:12  Overlord  
  13  0:17  Drone  
  14  0:31  Drone x2  
  16  0:43  Spawning Pool  
  16  0:45  Drone  
  16  0:49  Drone  
  17  1:14  Hatchery, Drone  
  17  1:17  Extractor  
  16  1:18  Extractor  
  16  1:20  Drone  
  16  1:24  Drone  
  17  1:29  Drone  
  18  1:38  Drone  
  19  1:49  Overlord  
  19  1:57  Queen  
  21  2:03  Zergling x2  
  22  2:11  Drone  
  23  2:25  Queen  
  23  2:29  Drone  
  25  2:36  Zergling x2  
  25  2:41  Drone  
  26  2:46  Drone  
  27  2:51  Drone  
  27  2:56  Drone  
  29  3:09  Roach Warren  
  29  3:10  Drone  
  29  3:14  Drone  
  29  3:18  Zergling x2  
  31  3:20  Zergling x2  
  31  3:27  Overlord  
  32  3:30  Drone  
  33  3:34  Drone  
  34  3:50  Roach x2  
  34  3:52  Roach x2  
  42  3:58  Lair  
  42  4:03  Overlord  
  42  4:08  Overlord  
  42  4:12  Zergling x2  
  43  4:21  Zergling x4, Drone  
  43  4:22  Drone  
  47  4:25  Drone  
  47  4:27  Drone  
  47  4:29  Drone  
  50  4:33  Roach  
  50  4:38  Roach  
  54  4:42  Overlord  
  54  4:49  Drone  
  54  4:52  Drone  
  56  4:54  Drone  
  56  4:56  Drone  
  56  4:59  Overlord  
  58  5:00  Infestation Pit  
  58  5:05  Hydralisk Den  
  56  5:11  Drone  
  56  5:13  Drone  
  58  5:15  Drone  
  58  5:16  Drone  
  58  5:19  Drone  
  58  5:21  Drone  
  62  5:22  Drone  
  62  5:24  Drone  
  62  5:26  Drone  
  62  5:28  Drone  
  66  5:31  Overlord  
  66  5:34  Drone  
  67  5:36  Hydralisk, Drone  
  67  5:38  Hydralisk  
  67  5:41  Drone  
  73  5:43  Infestor  
  73  5:46  Roach  
  73  5:48  Roach  
  66  5:53  Roach  
  66  5:55  Roach x2  
  67  5:59  Roach  
  67  6:01  Drone  
  55  6:07  Hydralisk  
  55  6:11  Roach  
  55  6:14  Drone  
  55  6:18  Roach  
  51  6:19  Zergling x2  
  51  6:22  Zergling x2  
  48  6:27  Roach  
  50  6:46  Zergling x2  
  41  6:48  Zergling x2  
  41  6:52  Roach  
  40  6:56  Roach  
  40  6:58  Roach  
  43  7:02  Roach  
  43  7:06  Roach  
  47  7:13  Queen, Hatchery  
  44  7:16  Zergling x2  
  44  7:19  Zergling x2  
  44  7:23  Roach  
  44  7:27  Roach  
  48  7:37  Hydralisk  
  50  7:48  Hydralisk  
  46  7:59  Zergling x2  
  46  8:03  Overseer  
  39  8:10  Zergling x2  
  40  8:19  Overseer  
  40  8:20  Roach, Drone, Infestor  
  40  8:22  Roach  
  40  8:24  Baneling Nest  
  45  8:33  Roach  
  40  8:45  Zergling x2  
  36  8:53  Zergling x2  
  36  8:54  Roach  
Tags
 
Add a new tag
Caveats
  • Supply blocks, unpowered buildings, or Contaminate may cause inaccurate times.
  • Supply counts are checked every 10 seconds.